 Dungeon Sprint DCSS version 0.30.1-11-g7821555f0a (webtiles) character file.

Game seed: 8286451113402503488

8100000 boopmooplesden the Axe Maniac (level 27, -12/273 HPs)
             Began as a Pale Draconian Gladiator on Nov 8, 2023.
             Was the Champion of Makhleb.
             Killed by the air
             ... invoked by a tyrant
              (34 damage)
             ... in the Dungeon (Sprint VIII: "Arena of Blood").
             The game lasted 00:05:21 (81 turns).

boopmooplesden the Axe Maniac (DrGl)                  Turns: 81, Time: 00:05:23

Health: -12/273    AC: 13    Str: 26    XL:     27
Magic:  29/54      EV: 28    Int: 10    God:    Makhleb [******]
Gold:   0          SH:  0    Dex: 16    Spells: 80/80 levels left

rFire   . . .        k - +∞ Axe of Woe
rCold   . . .        (shield currently unavailable)
rNeg    . . .        (body armour unavailable)
rPois   .            b - +0 hat
rElec   .            (no cloak)
rCorr   .            (no gloves)
SInv    .            (no boots)
Will    ++...        (no amulet)
Stlth   ++++++++++   g - +200 ring of slaying
HPRegen 0.65/turn    (no ring)
MPRegen 0.34/turn

%: no teleportation
@: slowed, very slow
A: breathe steam, AC +13, unfitting armour, cold-blooded, steam resistance
a: Breathe Steam, Renounce Religion, Minor Destruction, Lesser Servant of
Makhleb, Major Destruction, Greater Servant of Makhleb


You were in the Dungeon.
You worshipped Makhleb.
Makhleb was exalted by your worship.
You visited 1 branch

Inventory:

Hand Weapons
 a - a +0 war axe
 k - the +∞ Axe of Woe (weapon)
   (You found it in the Dungeon)
Missiles
 c - 3 throwing nets (quivered)
 d - a javelin
Armour
 b - a +0 hat (worn)
Jewellery
 g - a +200 ring of slaying (left hand)
 l - a +200 ring of slaying
 m - a +250 ring of slaying
Scrolls
 j - a scroll of blinking
Potions
 e - a potion of curing
 f - a potion of heal wounds
 h - 2 potions of magic
 i - a potion of berserk rage


   Skills:
 O Level 27 Fighting
 O Level 27 Short Blades
 O Level 27 Long Blades
 O Level 27 Axes
 O Level 27 Maces & Flails
 O Level 27 Polearms
 O Level 27 Staves
 O Level 27 Ranged Weapons
 O Level 27 Throwing
 O Level 27 Dodging
 O Level 27 Stealth
 O Level 27 Shields
 O Level 27 Unarmed Combat
 O Level 27 Spellcasting
 O Level 27 Conjurations
 O Level 27 Hexes
 O Level 27 Summonings
 O Level 27 Necromancy
 O Level 27 Translocations
 O Level 27 Transmutations
 O Level 27 Fire Magic
 O Level 27 Ice Magic
 O Level 27 Air Magic
 O Level 27 Earth Magic
 O Level 27 Poison Magic
 O Level 27 Invocations
 O Level 27 Evocations


You had 80 spell levels left.
You didn't know any spells.
Your spell library was empty.

Dungeon Overview and Level Annotations

Branches:
Dungeon (1/1)

Altars:
Makhleb


Innate Abilities, Weirdness & Mutations

You can breathe blasts of scalding, opaque steam.
Your pale cyan-grey scales are hard. (AC +13)
You cannot fit into any form of body armour.
You are cold-blooded and may be slowed by cold attacks.
You are immune to the effects of steam.


Message History

Flame seeps out of the large bag of meat.
You hew the large bag of meat savagely.
Makhleb accepts your kill.
The large bag of meat explodes!
The fiery explosion engulfs you!!
You are engulfed in blazing flames.
You hear a shout! x11
A bag of meat comes into view. It is wielding a +9 war axe. x2
The large bag of meat is engulfed in blazing flames.
The large bag of meat hits you with a +9 giant spiked club!!
The large bag of meat hits you with a +9 giant spiked club!!!!
* * * LOW HITPOINT WARNING * * *
A large bag of meat comes into view. It is wielding a +9 giant spiked club.
The bag of meat shouts!
You dice the large bag of meat like an onion!!!!!
Flame seeps out of the large bag of meat.
You slaughter the large bag of meat joyfully.
Makhleb accepts your kill.
You feel better.
The large bag of meat explodes!
The fiery explosion engulfs the tyrant!
The fiery explosion engulfs you!!
* * * LOW HITPOINT WARNING * * *
You are engulfed in blazing flames.
* * * LOW HITPOINT WARNING * * *
You hear a shout! x3
A destroyer comes into view. It is wielding a +9 heavy great sword.
You hear a shout! x3
A meat berserker comes into view. It is wielding a +9 battleaxe.
The bag of meat shouts!
You cut the large abomination into ribbons!!!!
You butcher the large abomination messily.
You blow up the large abomination!
The large abomination disappears in a puff of smoke!
The eight-headed meat hydra appears out of thin air!
An eight-headed meat hydra comes into view.
You are engulfed in blazing flames.
* * * LOW HITPOINT WARNING * * *
You hear a shout! x2
The tyrant waves its bony arms in wide circles.
The air twists around and strikes you!!
You die... . ..... . ...# XOVooo

... .. ....# .....O....#
. .. ...###...o..... ..
..###......o......###...
..._...........O........
#.....#......L#X#.......
#_.<)_#....D..O§°§......
#.....#.....)#)#@#......
..._......).))))))......
..###....)..))#)#.#..#..
.......###..))).....#...
.......#....)))......#..
.......#......).....#..
........................
...........#...#...... #
..........#....#.....##


You could see a tyrant, an eight-headed meat hydra (wandering), a destroyer, a
large bag of meat (inner flame), 2 large abominations, 3 meat berserkers and 5
bags of meat.

Vanquished Creatures
  4 hell beasts (D)
  5 royal mummies (D)
  A wraith (D)
  8 vampire knights (D)
  34 ogres (D)
  5 two-headed ogres (D)
  3 liches (D)
  A hydra (D)
  A phantom (D)
  55 orcs (D)
  7 skeletal warriors (D)
124 creatures vanquished.

Notes
Turn   | Place    | Note
-------+----------+-------------------------------------------
     0 | D        | Found the +∞ Axe of Woe
     0 | D        | boopmooplesden the Draconian Gladiator began the quest for
                  | the Orb.
     0 | D        | Reached XP level 1. HP: 17/17 MP: 1/1
     0 | D        | Noticed a meat berserker
     2 | D        | Noticed a bag of meat
     3 | D        | Noticed a bag of meat
     5 | D        | Became a worshipper of Makhleb the Destroyer
     6 | D        | Killed a meat berserker
     6 | D        | Noticed a meat berserker
     7 | D        | Reached skill level 10 in Fighting
     7 | D        | Reached XP level 2. HP: 39/39 MP: 2/2
     7 | D        | Reached XP level 3. HP: 46/46 MP: 3/3
     7 | D        | Reached XP level 4. HP: 53/53 MP: 4/4
     7 | D        | Reached XP level 5. HP: 59/59 MP: 5/5
     7 | D        | Reached XP level 6. HP: 67/67 MP: 6/6
     7 | D        | Your scales start taking on a pale cyan-grey colour.
     7 | D        | Reached XP level 7. HP: 73/73 MP: 7/7
     7 | D        | Gained mutation: You are immune to the effects of steam.
                  | [Pale Draconian growth]
     7 | D        | Reached XP level 8. HP: 81/81 MP: 8/8
     7 | D        | Reached XP level 9. HP: 86/86 MP: 9/9
     7 | D        | Reached XP level 10. HP: 94/94 MP: 10/10
     7 | D        | Reached XP level 11. HP: 101/101 MP: 11/11
     8 | D        | Noticed a meat berserker
     8 | D        | Noticed a bag of meat
     8 | D        | Noticed a bag of meat
    10 | D        | Noticed a meat berserker
    11 | D        | Noticed a bag of meat
    12 | D        | Killed a meat berserker
    12 | D        | Reached * piety under Makhleb
    12 | D        | Killed a bag of meat
    13 | D        | Reached XP level 12. HP: 94/115 MP: 12/12
    13 | D        | Reached XP level 13. HP: 100/122 MP: 13/13
    13 | D        | Noticed a bag of meat
    13 | D        | Noticed a meat berserker
    13 | D        | Noticed a meat berserker
    13 | D        | Noticed a bag of meat
    13 | D        | Noticed a meat berserker
    14 | D        | Noticed a bag of meat
    14 | D        | Noticed a meat berserker
    14 | D        | Noticed a bag of meat
    14 | D        | Noticed a bag of meat
    15 | D        | Noticed a bag of meat
    15 | D        | Noticed a bag of meat
    15 | D        | Noticed a bag of meat
    15 | D        | Noticed a bag of meat
    15 | D        | Noticed a bag of meat
    15 | D        | Noticed a large bag of meat
    15 | D        | Noticed a destroyer
    16 | D        | Noticed a meat berserker
    16 | D        | Killed a bag of meat
    16 | D        | Noticed a bag of meat
    16 | D        | Noticed a bag of meat
    16 | D        | Noticed a bag of meat
    17 | D        | Noticed a bag of meat
    17 | D        | Noticed a bag of meat
    17 | D        | Noticed a meat berserker
    17 | D        | Noticed a bag of meat
    18 | D        | Killed a meat berserker
    18 | D        | Reached ** piety under Makhleb
    18 | D        | Noticed a meat berserker
    18 | D        | Noticed a bag of meat
    18 | D        | Noticed a bag of meat
    18 | D        | Noticed a bag of meat
    19 | D        | Reached skill level 15 in Fighting
    19 | D        | Reached XP level 14. HP: 112/135 MP: 14/14
    19 | D        | Killed a meat berserker
    19 | D        | Noticed a meat berserker
    20 | D        | Reached skill level 27 in Axes
    20 | D        | Killed a meat berserker
    20 | D        | Killed a meat berserker
    20 | D        | Reached *** piety under Makhleb
    20 | D        | Noticed a bag of meat
    20 | D        | Noticed a bag of meat
    20 | D        | Noticed a bag of meat
    20 | D        | Noticed a bag of meat
    20 | D        | Noticed a bag of meat
    20 | D        | Noticed a bag of meat
    21 | D        | Reached skill level 15 in Throwing
    21 | D        | Reached skill level 27 in Dodging
    21 | D        | Reached XP level 15. HP: 157/157 MP: 15/15
    21 | D        | Killed a meat berserker
    21 | D        | Noticed a destroyer
    21 | D        | Noticed a meat berserker
    22 | D        | Reached XP level 16. HP: 178/178 MP: 16/16
    22 | D        | Killed a destroyer
    22 | D        | Reached **** piety under Makhleb
    22 | D        | Killed a meat berserker
    23 | D        | Reached skill level 27 in Fighting
    25 | D        | Reached skill level 27 in Throwing
    25 | D        | Reached XP level 17. HP: 191/191 MP: 17/17
    25 | D        | Killed a meat berserker
    25 | D        | Reached ***** piety under Makhleb
    25 | D        | Noticed a large bag of meat
    26 | D        | Killed a large bag of meat
    26 | D        | Killed a meat berserker
    27 | D        | Reached skill level 5 in Short Blades
    27 | D        | Reached skill level 5 in Long Blades
    27 | D        | Reached skill level 5 in Maces & Flails
    27 | D        | Reached skill level 5 in Polearms
    27 | D        | Reached skill level 5 in Staves
    27 | D        | Reached skill level 5 in Ranged Weapons
    27 | D        | Reached skill level 5 in Stealth
    27 | D        | Reached skill level 5 in Shields
    27 | D        | Reached skill level 5 in Unarmed Combat
    27 | D        | Reached skill level 5 in Spellcasting
    27 | D        | Reached skill level 5 in Conjurations
    27 | D        | Reached skill level 5 in Summonings
    27 | D        | Reached skill level 5 in Necromancy
    27 | D        | Reached skill level 5 in Translocations
    27 | D        | Reached skill level 5 in Transmutations
    27 | D        | Reached XP level 18. HP: 188/200 MP: 17/25
    28 | D        | Killed a meat berserker
    29 | D        | Killed a meat berserker
    30 | D        | Killed a destroyer
    30 | D        | Reached ****** piety under Makhleb
    30 | D        | Noticed a meat berserker
    31 | D        | Reached skill level 10 in Ice Magic
    31 | D        | Reached skill level 10 in Earth Magic
    31 | D        | Reached skill level 10 in Poison Magic
    31 | D        | Reached XP level 19. HP: 192/207 MP: 17/31
    31 | D        | Noticed a meat berserker
    33 | D        | Noticed a meat berserker
    34 | D        | Reached skill level 10 in Short Blades
    34 | D        | Reached skill level 10 in Long Blades
    34 | D        | Reached skill level 10 in Maces & Flails
    34 | D        | Reached skill level 10 in Polearms
    34 | D        | Reached skill level 10 in Staves
    34 | D        | Reached skill level 10 in Ranged Weapons
    34 | D        | Reached skill level 10 in Stealth
    34 | D        | Reached skill level 10 in Shields
    34 | D        | Reached skill level 10 in Unarmed Combat
    34 | D        | Reached skill level 10 in Spellcasting
    34 | D        | Reached skill level 10 in Conjurations
    34 | D        | Reached skill level 10 in Summonings
    34 | D        | Reached skill level 10 in Necromancy
    34 | D        | Reached skill level 10 in Translocations
    34 | D        | Reached skill level 10 in Transmutations
    34 | D        | Killed a meat berserker
    34 | D        | Noticed a meat berserker
    35 | D        | Reached XP level 20. HP: 216/216 MP: 17/34
    36 | D        | Noticed a meat berserker
    37 | D        | Noticed a destroyer
    37 | D        | Killed a destroyer
    37 | D        | Killed a meat berserker
    38 | D        | Reached skill level 15 in Fire Magic
    38 | D        | Reached skill level 15 in Air Magic
    38 | D        | Reached skill level 15 in Invocations
    38 | D        | Reached skill level 15 in Evocations
    39 | D        | Reached skill level 15 in Ice Magic
    39 | D        | Reached skill level 15 in Earth Magic
    39 | D        | Reached skill level 15 in Poison Magic
    39 | D        | Reached XP level 21. HP: 224/224 MP: 18/37
    43 | D        | Reached skill level 15 in Hexes
    43 | D        | Noticed a destroyer
    45 | D        | Reached XP level 22. HP: 233/233 MP: 19/39
    45 | D        | Noticed a tyrant
    45 | D        | Noticed a large bag of meat
    46 | D        | Reached skill level 27 in Stealth
    46 | D        | Noticed a destroyer
    48 | D        | Reached skill level 15 in Short Blades
    48 | D        | Reached skill level 15 in Long Blades
    48 | D        | Reached skill level 15 in Maces & Flails
    48 | D        | Reached skill level 15 in Polearms
    48 | D        | Reached skill level 15 in Staves
    48 | D        | Reached skill level 15 in Shields
    48 | D        | Reached skill level 15 in Unarmed Combat
    48 | D        | Reached skill level 15 in Conjurations
    48 | D        | Reached skill level 15 in Summonings
    48 | D        | Reached skill level 15 in Necromancy
    48 | D        | Reached skill level 15 in Translocations
    48 | D        | Reached skill level 15 in Transmutations
    49 | D        | Killed a large bag of meat
    49 | D        | Killed a destroyer
    49 | D        | Noticed an accursed
    50 | D        | Reached skill level 15 in Ranged Weapons
    50 | D        | Reached skill level 15 in Spellcasting
    50 | D        | Reached XP level 23. HP: 190/240 MP: 19/42
    51 | D        | Noticed an accursed
    51 | D        | Noticed an accursed
    52 | D        | Killed a large bag of meat
    53 | D        | Noticed a destroyer
    54 | D        | Noticed an accursed
    55 | D        | Killed a destroyer
    57 | D        | Noticed a tyrant
    58 | D        | Reached XP level 24. HP: 121/249 MP: 21/43
    58 | D        | Killed a tyrant
    59 | D        | Noticed an accursed
    60 | D        | Noticed a meat beast
    61 | D        | Noticed a dread
    61 | D        | Killed an accursed
    62 | D        | Noticed a tyrant
    63 | D        | Noticed a meat beast
    63 | D        | Killed a meat beast
    63 | D        | Killed a destroyer
    63 | D        | Killed an accursed
    64 | D        | Reached XP level 25. HP: 166/257 MP: 23/46
    64 | D        | Killed an accursed
    65 | D        | Killed a dread
    65 | D        | Killed a meat beast
    66 | D        | Reached XP level 26. HP: 252/266 MP: 23/47
    66 | D        | Noticed a destroyer
    66 | D        | Noticed a destroyer
    67 | D        | Killed an accursed
    68 | D        | Reached skill level 27 in Fire Magic
    68 | D        | Reached skill level 27 in Air Magic
    68 | D        | Reached skill level 27 in Invocations
    68 | D        | Reached skill level 27 in Evocations
    68 | D        | Reached XP level 27. HP: 87/273 MP: 24/48
    69 | D        | Killed a tyrant
    70 | D        | Killed a destroyer
    70 | D        | Noticed a meat beast
    71 | D        | Killed an accursed
    71 | D        | Killed a destroyer
    72 | D        | Reached skill level 27 in Ice Magic
    72 | D        | Reached skill level 27 in Earth Magic
    72 | D        | Reached skill level 27 in Poison Magic
    72 | D        | Killed a tyrant
    72 | D        | Noticed a large bag of meat
    73 | D        | Reached skill level 27 in Short Blades
    73 | D        | Reached skill level 27 in Summonings
    73 | D        | Reached skill level 27 in Necromancy
    73 | D        | Reached skill level 27 in Translocations
    73 | D        | Reached skill level 27 in Transmutations
    73 | D        | Noticed a meat beast
    73 | D        | Noticed a large bag of meat
    73 | D        | Noticed a tyrant
    74 | D        | Killed a meat beast
    75 | D        | Reached skill level 27 in Long Blades
    75 | D        | Reached skill level 27 in Maces & Flails
    75 | D        | Reached skill level 27 in Polearms
    75 | D        | Reached skill level 27 in Staves
    75 | D        | Reached skill level 27 in Shields
    75 | D        | Reached skill level 27 in Unarmed Combat
    75 | D        | Reached skill level 27 in Conjurations
    75 | D        | Killed a meat beast
    76 | D        | Reached skill level 27 in Ranged Weapons
    76 | D        | Reached skill level 27 in Spellcasting
    76 | D        | Reached skill level 27 in Hexes
    79 | D        | Noticed a large bag of meat
    79 | D        | Killed a large bag of meat
    79 | D        | Noticed a large bag of meat
    80 | D        | Killed a large bag of meat
    80 | D        | Noticed a destroyer
    81 | D        | Killed from afar by a tyrant

Illustrated notes

Levels and vault maps discovered:
D:        meatsprint

Skill      XL: |  1  2  3  4  5  6  7  8  9 10 11 12 13 14 15 16 17 18 19 20 21 22 23 24 25 26 27 |
---------------+----------------------------------------------------------------------------------+-----
Fighting       | 10 13 15 20 25 27 | 27.0
Axes           | 19 23 25 27 | 27.0
Throwing       | 9 11 12 15 18 27 | 27.0
Dodging        | 17 20 22 27 | 27.0
Short Blades   | 5 9 11 13 14 16 19 22 23 24 27 | 27.0
Long Blades    | 5 9 11 13 14 16 18 20 22 23 27 | 27.0
Maces & Flails | 5 9 11 13 14 16 18 20 22 27 | 27.0
Polearms       | 5 9 11 13 14 16 18 20 22 27 | 27.0
Staves         | 5 9 11 13 14 16 18 20 22 23 27 | 27.0
Ranged Weapons | 5 8 10 12 13 15 16 19 20 21 27 | 27.0
Stealth        | 5 9 11 13 26 27 | 27.0
Shields        | 5 9 11 13 14 16 18 20 22 27 | 27.0
Unarmed Combat | 5 9 11 13 14 16 18 20 22 27 | 27.0
Spellcasting   | 5 8 10 12 13 15 16 19 20 21 27 | 27.0
Conjurations   | 5 9 11 13 14 16 18 20 22 23 27 | 27.0
Hexes          | 6 9 11 13 15 16 18 20 21 22 27 | 27.0
Summonings     | 5 9 11 13 14 16 19 22 23 24 27 | 27.0
Necromancy     | 5 9 11 13 14 16 19 22 23 24 27 | 27.0
Translocations | 5 9 11 13 14 16 19 22 23 24 27 | 27.0
Transmutations | 5 9 11 13 14 16 19 22 23 24 27 | 27.0
Fire Magic     | 7 11 13 16 17 19 21 24 26 27 | 27.0
Ice Magic      | 6 10 12 15 16 18 20 22 24 25 27 | 27.0
Air Magic      | 7 11 13 16 17 19 21 24 26 27 | 27.0
Earth Magic    | 6 10 12 15 16 18 20 22 24 25 27 | 27.0
Poison Magic   | 6 10 12 15 16 18 20 22 24 25 27 | 27.0
Invocations    | 7 11 13 16 17 19 21 24 26 27 | 27.0
Evocations     | 7 11 13 16 17 19 21 24 26 27 | 27.0

Action                     |  1- 3 |  4- 6 |  7- 9 | 10-12 | 13-15 | 16-18 | 19-21 | 22-24 | 25-27 || total
---------------------------+-------+-------+-------+-------+-------+-------+-------+-------+-------++-------
  Melee: Executioner's axe |     1 |       |       |     1 |     5 |     7 |     9 |    15 |    16 ||    54
    Use: Potion            |     1 |       |       |       |       |       |       |       |       ||     1
 Armour: Skin              |       |       |       |       |       |       |       |       |     1 ||     1
  Dodge: Dodged            |       |       |       |       |       |       |       |     2 |       ||     2
